 Dungeon Crawl Stone Soup version 0.29.1-2-gbd0b4ee654 (webtiles) character file.

Game seed: 6571909099966820550

48 DildoBatman the Conjurer (level 4, -3/30 HPs)
             Began as a Formicid Conjurer on Nov 21, 2022.
             Slain by a goblin
             ... wielding a +0 dagger
             ... led by Robin
              (6 damage)
             ... on level 2 of the Dungeon.
             The game lasted 00:04:07 (1852 turns).

DildoBatman the Conjurer (Formicid Conjurer)        Turns: 1852, Time: 00:04:07

Health: -3/30      AC:  2    Str: 12    XL:     4   Next: 0%
Magic:  7/7        EV: 12    Int: 19    God:
Gold:   116        SH:  0    Dex: 12    Spells: 4/7 levels left

rFire   . . .      SeeInvis +   b - +0 hand crossbow
rCold   . . .      Faith    .   (no shield)
rNeg    . . .      Spirit   .   g - +0 robe
rPois   .          Reflect  .   (helmet unavailable)
rElec   .          Harm     .   (no cloak)
rCorr   .          Rampage  .   (no gloves)
Will    .....                   (no boots)
Stlth   ++........              (no amulet)
HPRegen 0.10/turn               (no ring)
MPRegen 0.10/turn               (no ring)

@: no status effects
A: permanent stasis, dig shafts and tunnels, antennae 3, four strong arms
a: Dig, Shaft Self


You were on level 2 of the Dungeon.
You visited 1 branch of the dungeon, and saw 3 of its levels.

You collected 116 gold pieces.

Inventory:

Hand Weapons
 a - a +0 mace
 b - a +0 hand crossbow (weapon)
Missiles
 e - 7 stones
Armour
 g - a +0 robe (worn)
Magical Staves
 h - a staff of poison
Scrolls
 c - 2 scrolls of magic mapping {unknown}
 d - a scroll of identify {unknown}
 f - 4 scrolls of fear {unknown}
 k - a scroll of silence {unknown}
 l - a scroll of enchant weapon {unknown}
Potions
 i - a potion of magic
 j - a potion of resistance {unknown}
 m - a potion of heal wounds {unknown}


   Skills:
 - Level 1.7 Dodging
 - Level 2.4 Stealth
 - Level 2.1 Spellcasting
 * Level 4.8 Conjurations


You had 4 spell levels left.
You knew the following spells:

 Your Spells              Type           Power      Damage    Failure   Level
a - Searing Ray           Conj           40%        2d5       3%          2
c - Magic Dart            Conj           80%        1d7       2%          1

Your spell library contained the following spells:

 Spells                   Type           Power      Damage    Failure   Level
 Dazzling Flash           Conj/Hex       22%        N/A       19%         3
 Gell's Gravitas          Tloc           2%         N/A       45%         3
 Ozocubu's Armour         Ice            2%         N/A       45%         3
 Teleport Other           Tloc           2%         N/A       45%         3
 Fulminant Prism          Conj/Hex       5%         3d7       52%         4
 Iskenderun's Mystic Bla  Conj/Tloc      11%        2d4       52%         4
 Metabolic Englaciation   Hex/Ice        1%         N/A       99%         5
 Dispersal                Tloc           1%         N/A       100%        6
 Simulacrum               Ice/Necr       1%         N/A       100%        6


Dungeon Overview and Level Annotations

Branches:
Dungeon (3/15)

Altars:

Annotations:
D:2 exclusion: 4 sensed monsters (detected), Robin


Innate Abilities, Weirdness & Mutations

You cannot be hasted, slowed, berserked, paralysed or teleported.
You can dig through walls and to a lower floor.
You have a pair of large antennae on your head. (SInv)
Your four strong arms can wield two-handed weapons with a shield.


Message History

Robin roars a battlecry!
The goblins go into a battle-frenzy!
What are your orders? t - Shout!
Orders for allies: a - Attack new target. r - Retreat! s - Stop attacking. g - Guard the area. f - Follow me.
Anything else - Cancel.
You shout for attention!
The goblin closely misses you.
A goblin comes into view. It is wielding a +0 club.
The goblin hits you with a +0 dagger. What are your orders? t - Shout!
Orders for allies: a - Attack new target. r - Retreat! s - Stop attacking. g - Guard the area. f - Follow me.
Anything else - Cancel.
You shout for attention!
The goblin hits you with a +0 dagger. The goblin closely misses you.
What are your orders? t - Shout!
Orders for allies: a - Attack new target. r - Retreat! s - Stop attacking. g - Guard the area. f - Follow me.
Anything else - Cancel.
You shout for attention!
The goblin hits you with a +0 dagger.
A goblin comes into view. It is wielding a +0 club.
The goblin hits you with a +0 dagger. What are your orders? t - Shout!
Orders for allies: a - Attack new target. r - Retreat! s - Stop attacking. g - Guard the area. f - Follow me.
Anything else - Cancel.
You shout for attention!
The goblin hits you with a +0 dagger. x2
You die... #.#.......###.##..# #.#.#.#...#.#.# .# #.#....##..#### # #.###.†.......# #......<#..#....# #.#########..#.#### ..{ {{{{

..{#.# #.{{{ .#####g#g### {{
g....ggggg@# .#####g#g#g# {
{.{.#g#.# #.### #####.#.#
......#######.#.#
#...............#
#############.#.############
#[.............#
###.##########.#


You could see Robin and 9 goblins.

Vanquished Creatures
  An adder (D:2)
  A worm (D:2)
  5 bats
  An endoplasm (D:2)
  2 giant cockroaches
  2 goblins (D:1)
  6 hobgoblins
  5 jackals
  4 frilled lizards
  3 kobolds
  3 rats
33 creatures vanquished.

Notes
Turn   | Place    | Note
-------+----------+-------------------------------------------
     0 | D:1      | DildoBatman the Formicid Conjurer began the quest for the
                  | Orb.
     0 | D:1      | Reached XP level 1. HP: 13/13 MP: 3/3
   322 | D:1      | Reached skill level 4 in Conjurations
   322 | D:1      | Reached XP level 2. HP: 19/19 MP: 0/5
   325 | D:1      | Learned a level 2 spell: Searing Ray
   879 | D:1      | Reached XP level 3. HP: 24/24 MP: 3/6
  1835 | D:3      | Reached XP level 4. HP: 30/30 MP: 7/7
  1846 | D:2      | Noticed Robin
  1852 | D:2      | Slain by a goblin

Illustrated notes

Levels and vault maps discovered:
D:1:      shiori_arrival_maze, layout_basic
D:2:      layout_basic, shapermc_ecumenical_altar_mp_vishouse,
          minmay_octomino_j4, uniq_robin
D:3:      layout_rooms, mainiacjoe_overflow_concentric_impassable, zin_angel,
          mainiacjoe_overflow_six_doors_small

Skill      XL: |  1 |
---------------+----+-----
Conjurations   | 4 |  4.8
Dodging        | |  1.7
Stealth        | |  2.4
Spellcasting   | |  2.1

Action                   |  1- 3 |  4- 6 || total
-------------------------+-------+-------++-------
Melee: Dagger            |     6 |       ||     6
       Mace              |     5 |       ||     5
 Fire: Hand crossbow     |    11 |       ||    11
 Cast: Magic Dart        |    35 |       ||    35
       Searing Ray       |     5 |       ||     5
 Stab: Sleeping          |     1 |       ||     1
Armor: Robe              |     5 |     2 ||     7
Dodge: Dodged            |    19 |     9 ||    28
